[Event "Marshall CC FIDE Premier April 2024"]
[Site "New York"]
[Date "2024.04.14"]
[Round "4.3"]
[White "Lin, Bryan Enming"]
[Black "Bonin, Jay"]
[Result "1-0"]
[ECO "B10"]
[WhiteElo "2087"]
[BlackElo "2146"]
[Annotator "TA"]
[PlyCount "74"]
[EventDate "2024.02.02"]
[EventType "swiss"]
[EventCountry "USA"]
[SourceTitle "playchess.com"]
[Source "ChessBase"]
[SourceQuality "1"]
[TimeControl "5400+30"]

1. e4 c6 2. Nf3 a6 3. d4 d5 4. exd5 cxd5 5. Ne5 Nc6 6. c4 Nxe5 7. dxe5 d4 8. Bf4 {[%emt 0:01:28] [#]} (8. f4 $14) 8... g5 $1 $11 9. Bg3 Bg7 10. Qd2 h5 {[%emt 0:05:57] And now ...h4 would win.} 11. h4 (11. Qxg5 Bh6 12. Qh4 Qa5+ 13. Kd1 Bf5) 11... g4 12. Bd3 Nh6 $1 13. O-O Bf5 ({Better is} 13... Nf5 $1 $15) 14. Na3 Qd7 15. Rfe1 Bxd3 16. e6 ({White should try} 16. Qxd3 $11 O-O 17. Nc2) 16... fxe6 $15 17. Qxd3 Nf5 18. Be5 Bxe5 19. Rxe5 Nxh4 20. Rae1 Rh6 21. Qd2 Rh8 (21... Rf6 $1 $15 {stays ahead.} 22. Rxh5 Ng6) 22. Qg5 $1 $18 (22. Rxe6 O-O-O $14) 22... Nf5 23. Rxe6 {[%emt 0:01:29] Black must now prevent Qg6+.} Rf8 24. Qxh5+ Kd8 25. R6e5 g3 26. fxg3 e6 {[%emt 0:01:33] Against Rd5} 27. Rxe6 ({White should play} 27. g4 $18 Ne3 28. Re4) 27... d3 $16 {[%emt 0:01:55] [#]} 28. Qg5+ $1 Kc8 29. R6e4 {[%emt 0:03:51] Inhibits Qd4+. Hoping for g4.} Qc6 $2 (29... b5 $16 {is a better chance.}) 30. Qf4 $2 (30. Re5 $18 {is more deadly.} Qf6 31. Qf4 (31. Qxf6 Rxf6 32. Rd1 Kd7 $18)) 30... Kd7 $2 (30... Qb6+ $16 31. Qf2 Qxf2+ 32. Kxf2 Kc7) 31. Re5 $18 Rae8 32. Rxe8 Qc5+ 33. Qf2 {[%emt 0:01:06] White is winning.} ({But not} 33. R8e3 $2 Nxe3 $19 (33... d2 $2 34. Rd1 $19) (33... d2 $2 34. Rd1 $19)) 33... Qxf2+ 34. Kxf2 Rxe8 35. Rxe8 Kxe8 36. Nb1 Ke7 37. g4 Kd8 $2 {[%emt 0:14:30] Weighted Error Value: White=0.36/Black=0.47.  Loses game:     	---       	Black=3      Missed win:     	White=1     	---        Mistake:       	White=3     	Black=2      Inaccurate:     	White=2     	Black=2      OK:         	White=10    	Black=9      Best:        	White=3     	Black=8      Strong:       	White=2     	Black=1      Brilliant:      	---       	Black=1} (37... Nh6 38. Kf3 Kf6) 1-0

[Event "Marshall CC FIDE Premier April 2024"]
[Site "New York"]
[Date "2024.04.14"]
[Round "4.4"]
[White "Li, Michael"]
[Black "Ayyappan, Santhosh"]
[Result "1/2-1/2"]
[ECO "C45"]
[WhiteElo "2072"]
[BlackElo "1922"]
[Annotator "RC"]
[PlyCount "127"]
[EventDate "2024.02.02"]
[EventType "swiss"]
[EventCountry "USA"]
[SourceTitle "playchess.com"]
[Source "ChessBase"]
[SourceQuality "1"]
[TimeControl "5400+30"]

1. e4 e5 2. Nf3 Nc6 3. d4 exd4 4. Nxd4 Nf6 5. Nxc6 bxc6 6. e5 Qe7 7. Qe2 Nd5 8. h4 d6 9. c4 Nb6 10. exd6 Qxe2+ 11. Bxe2 cxd6 12. b3 Be7 13. Bb2 O-O 14. Nd2 Re8 15. O-O-O Be6 16. Nf3 d5 17. Nd4 Bc5 18. cxd5 Bxd5 19. Bf3 Bxd4 20. Rxd4 Bxf3 21. gxf3 Re2 22. h5 Nd5 23. Rg4 g6 24. Rgh4 g5 25. Rg1 h6 26. f4 Nb4 27. Bf6 Nd3+ 28. Kb1 Rxf2 29. fxg5 hxg5 30. Bxg5 Kh7 31. Be3 Re2 32. Bd4 Rd8 33. h6 Re1+ 34. Rxe1 Nxe1 35. Bxa7 Rd1+ 36. Kb2 Rd2+ 37. Ka3 Nc2+ 38. Ka4 Na1 39. Ka3 Nc2+ 40. Kb2 Nb4+ 41. Kc3 Rxa2 42. Kxb4 Rxa7 43. Kc5 Ra3 44. Rh3 Ra6 45. b4 Ra4 46. Rh4 Ra6 47. Rh3 Ra4 48. Rh5 Ra6 49. Rh4 f5 50. Rf4 Kg6 51. h7 Ra8 52. Kxc6 Rh8 53. b5 Rxh7 54. b6 Kg5 55. Rb4 Rh6+ 56. Kd5 Rh8 57. b7 Rb8 58. Kc6 f4 59. Ra4 f3 60. Ra8 Rxb7 61. Kxb7 Kg4 62. Kc6 f2 63. Rf8 Kg3 64. Kd5 1/2-1/2

[Event "Marshall CC FIDE Premier April 2024"]
[Site "New York"]
[Date "2024.04.14"]
[Round "4.5"]
[White "Lee, Rohan"]
[Black "Meduri, Aakaash"]
[Result "0-1"]
[ECO "C41"]
[WhiteElo "1913"]
[BlackElo "1962"]
[Annotator "TA"]
[PlyCount "122"]
[EventDate "2024.02.02"]
[EventType "swiss"]
[EventCountry "USA"]
[SourceTitle "playchess.com"]
[Source "ChessBase"]
[SourceQuality "1"]
[TimeControl "5400+30"]

1. e4 d6 2. d4 Nf6 3. Nc3 e5 4. Nf3 Nbd7 5. Be2 Be7 6. h4 (6. a4 $14) 6... c6 7. Be3 (7. O-O $11) 7... b5 $15 8. a3 {[%emt 0:06:20] Black is slightly better.} Qc7 9. h5 Ng4 (9... h6 $15) 10. Qd2 (10. Bg5 $11) 10... h6 11. d5 a6 12. dxc6 Qxc6 13. a4 bxa4 ({Black should try} 13... b4 $15 14. Nd5 Ndf6) 14. Rxa4 $11 Nxe3 15. Qxe3 Nc5 16. Ra3 Bb7 17. b4 Ne6 (17... Nxe4 $6 18. b5 Qc5 (18... axb5 $2 19. Rxa8+ Bxa8 20. Bxb5 $18) 19. Nxe4 $16) 18. O-O Nc7 19. Ra5 (19. Nd2 $14 {might be stronger.}) 19... O-O 20. Nd5 (20. Nd2 $11 {remains equal.}) 20... Bd8 (20... Nxd5 $17 21. exd5 Qxc2) 21. c4 Nxd5 22. Rxd5 Qc7 23. Rd2 f5 24. exf5 {[%emt 0:00:00] Black must now prevent c5.} e4 $1 {[%emt 0:01:23] [#]} 25. c5 $2 exf3 $19 26. Bxf3 Bxf3 (26... Rxf5 27. Qe6+ Rf7 (27... Qf7 28. Qxf7+ Rxf7 29. c6 $16) 28. c6 Bxc6 29. Rc2 $16 (29. Qxd6 $2 Qxd6 30. Rxd6 Bxf3 $19)) 27. Qxf3 Rb8 28. Rxd6 Qf7 (28... Rxb4 $19 29. Qd5+ Kh8) 29. Rfd1 $17 Bf6 (29... Qxf5 $2 30. Qxf5 (30. Rxa6 $2 Qxf3 31. gxf3 Rxb4 $19) 30... Rxf5 31. Rxd8+ Rf8 32. Rxb8 Rxb8 33. Rd7 $18 (33. Rd4 Rc8 $18)) 30. Rd7 (30. Qe4 $1 $15) 30... Qc4 $19 31. Rb7 Rbd8 (31... Kh7 $19 32. Re1 Rxb7 33. Qxb7 a5 34. bxa5 Qxc5) 32. Rbd7 (32. g3 $17) 32... Rxd7 ({Don't do} 32... Qxb4 33. Rxd8 Bxd8 34. Qd5+ Kh8 35. Qd6) 33. Rxd7 Qxb4 34. c6 Re8 35. g3 Qb5 36. Kh2 (36. Ra7 $142 Kh7 37. c7) 36... Rc8 37. Rd6 Qc5 38. Re6 a5 {[%emt 0:00:53] aiming for ...a4.} 39. Kg2 (39. Qe4 {was forced.} Kf8 (39... Qxf2+ 40. Kh3 $11) 40. Kg2) 39... Kh7 (39... Qc4 $19 {Threatens to win with ...a4.} 40. Kh2 Kh7) 40. Qb3 $2 (40. Qg4 $17 {was the only chance.}) 40... Qxf5 (40... Rxc6 $2 {is the wrong capture.} 41. Re8 Qc4 42. Qb8 Qd5+ 43. Kh2 $18) 41. Qc4 Qxh5 42. c7 (42. Re4 {only move.}) 42... Qf7 43. Qc2+ Kg8 44. Rc6 {[%emt 0:00:17] [#]} a4 $1 45. Qxa4 (45. Ra6 Qxc7) 45... Rxc7 46. Qa8+ Kh7 {[%emt 0:00:15] ( -> ...Qd5+)} 47. Rb6 Rd7 {[%emt 0:00:34] Strongly threatening ...Bd4.} 48. Qe4+ Qg6 49. Qe2 Re7 50. Re6 (50. Qc4 $142) 50... Rxe6 51. Qxe6 Bg5 52. Qc4 h5 53. f3 h4 54. g4 (54. gxh4 $19 Bxh4+ 55. Kf1) 54... Qd6 {[%emt 0:01:09] Black mates.} 55. Qe4+ g6 56. Qb7+ Kh6 57. Qa8 Bf6 58. Qe4 Qe5 59. Qa8 Qe2+ 60. Kh3 Qf1+ 61. Kh2 Be5+ {[%emt 0:00:10] Weighted Error Value: White=0.48/Black=0.26 (precise) .  Loses game:     	White=2     	---        Mistake:       	White=11    	Black=6      Inaccurate:     	---       	Black=3      OK:         	White=8     	Black=17     Best:        	White=2     	Black=4      Strong:       	---       	Black=1} 0-1

[Event "Marshall CC FIDE Premier April 2024"]
[Site "New York"]
[Date "2024.04.14"]
[Round "4.6"]
[White "Prestia, Paris"]
[Black "Nkululeko, Nkosi"]
[Result "1/2-1/2"]
[ECO "D20"]
[WhiteElo "2059"]
[BlackElo "1956"]
[Annotator "TA"]
[PlyCount "28"]
[EventDate "2024.02.02"]
[EventType "swiss"]
[EventCountry "USA"]
[SourceTitle "playchess.com"]
[Source "ChessBase"]
[SourceQuality "1"]
[TimeControl "5400+30"]

1. d4 d5 2. c4 dxc4 3. e4 Nf6 4. e5 Nd5 5. Bxc4 e6 6. Nf3 a6 7. a4 (7. Nc3 $14) 7... Bb4+ 8. Bd2 Be7 {[%emt 0:00:39] The position is equal.} 9. O-O c5 (9... Nc6 $11) 10. dxc5 $16 {[%emt 0:00:00] White is more active.} Bxc5 11. Nc3 Nxc3 12. Bxc3 Qxd1 13. Re1 $2 {[%emt 0:04:00][%mdl 8192] [#]} (13. Rfxd1 $14 b6 14. Nd2) 13... Qxa1 14. Rxa1 Nc6 {[%emt 0:00:39][%mdl 32768] Weighted Error Value: White=0.96/Black=1.03.  Loses game:     	White=1     	---        Mistake:       	White=1     	Black=1      Inaccurate:     	---       	Black=1      OK:         	White=1     	Black=2      Best:        	White=1     	---       . An unexpected result.} 1/2-1/2

[Event "Marshall CC FIDE Premier April 2024"]
[Site "New York"]
[Date "2024.04.14"]
[Round "4.7"]
[White "Jain, Vihaan"]
[Black "Hebbar, Eshaan"]
[Result "0-1"]
[ECO "C54"]
[WhiteElo "1931"]
[BlackElo "2201"]
[Annotator "TA"]
[PlyCount "76"]
[EventDate "2024.02.02"]
[EventType "swiss"]
[EventCountry "USA"]
[SourceTitle "playchess.com"]
[Source "ChessBase"]
[SourceQuality "1"]
[TimeControl "5400+30"]

1. e4 e5 2. Nf3 Nc6 3. Bc4 Bc5 4. d3 Nf6 5. c3 d6 6. O-O h6 7. Re1 O-O 8. h3 Bb6 9. a4 a5 10. Nbd2 Ne7 {[%emt 0:00:07] The position is equal.} 11. Bb3 c6 12. d4 Ng6 13. Nc4 Bc7 14. dxe5 dxe5 15. Qc2 Nh5 16. Ne3 Ngf4 17. Nf5 Qf6 18. Kh2 (18. g3 $11 Nxh3+ 19. Kg2) 18... Bxf5 $17 19. exf5 {[%emt 0:03:40] [#]} Nd3 {[%emt 0:05:54] And now ...e4+ would win.} 20. Re4 Nc5 {[%emt 0:00:08][%cal Of6f5] Excellent horsemanship.} (20... Qxf5 $6 21. Qxd3 Nf6 22. Nd2 $16) 21. Nd2 $2 Nxe4 (21... Qxf5 $19 {is more deadly.} 22. Kg1 Nxe4 23. Qxe4 Qxe4 24. Nxe4 Nf4) 22. Nxe4 Qe7 ({Better is} 22... Qxf5 $17 {Hoping for ...Qg6.} 23. g4 Qf3 24. gxh5 Kh8) 23. Be3 $1 $11 b6 {[%emt 0:00:09] Prevents Bc5} 24. g4 Nf4 25. g5 $1 hxg5 $2 (25... Kh8 $11 {and Black is okay.}) 26. Rg1 $18 Qd7 $2 (26... Bd8) 27. Rxg5 Kh8 $2 (27... Bd8) 28. Bxf4 {[%emt 0:01:53][%cal Oe4f6] White threatens Nf6! and mate.} exf4 29. Rh5+ Kg8 {[%emt 0:00:14] [#]} 30. Nf6+ $4 gxf6 $19 {[%emt 0:00:33] Black is clearly winning.} 31. Qc1 (31. f3 $142 Rfd8 32. Qg2+ Kf8 33. Rh7) 31... f3+ 32. Kh1 Rfd8 {[%emt 0:05:37] Threatens to win with ...Be5.} 33. Qg1+ Kf8 34. Rh7 {[%emt 0:00:25] [#]} Be5 $1 ({Inferior is} 34... Qxf5 35. Rxf7+ Ke8 36. Qg8#) 35. Qg7+ Ke7 {[%emt 0:00:16][%cal Od7d1] ( -> ...Qd1+!)} 36. Qxf7+ Kd6 {[%emt 0:00:02] ...Qxf7 would now be deadly.} 37. Qh5 {[%emt 0:00:02] [#]} Qxh7 $3 38. Qxh7 Rh8 {[%emt 0:00:01] Weighted Error Value: White=0.71/Black=0.49.  Loses game:     	White=1     	Black=1      Mistake:       	White=1     	Black=4      Inaccurate:     	---       	Black=2      OK:         	White=5     	Black=7      Best:        	White=5     	Black=2      Strong:       	White=2     	---} 0-1

[Event "Marshall CC FIDE Premier April 2024"]
[Site "New York"]
[Date "2024.04.14"]
[Round "4.8"]
[White "Zhu, Linxi"]
[Black "Aravindakshan, Sahana"]
[Result "0-1"]
[ECO "B32"]
[WhiteElo "1980"]
[BlackElo "1904"]
[Annotator "TA"]
[PlyCount "164"]
[EventDate "2024.02.02"]
[EventType "swiss"]
[EventCountry "USA"]
[SourceTitle "playchess.com"]
[Source "ChessBase"]
[SourceQuality "1"]
[TimeControl "5400+30"]

1. e4 c5 2. Nf3 Nc6 3. d4 cxd4 4. Nxd4 e5 5. Nb5 d6 6. c4 g6 $1 {[%emt 0:00:18][%mdl 4] is recently more successful than 6...Be7. B32: Sicilian: Löwenthal and Kalashnikov Variations.} 7. N1c3 a6 8. Na3 Bg7 9. Be3 Nge7 10. Qd2 Nd4 $146 ({Predecessor:} 10... f5 11. f3 Nd4 12. Bd3 O-O 13. O-O f4 14. Bf2 g5 15. Nc2 Nec6 16. Nxd4 Nxd4 {0-1 Barzanu,I (2121)-Salageanu,P (2169) Eforie Nord op 2002 (8)}) 11. Ne2 Nec6 12. Nxd4 Nxd4 13. Nc2 Nxc2+ 14. Qxc2 O-O 15. Be2 Be6 16. O-O Rc8 17. Rfd1 Qe7 18. Rac1 Rc6 19. b4 Rfc8 20. a4 Bxc4 21. Bxc4 Qc7 22. Bxf7+ Qxf7 23. Qd3 Rxc1 24. Rxc1 Rxc1+ 25. Bxc1 Qc7 26. Be3 h5 27. h3 Kh7 28. Bd2 Bh6 29. Bc3 Bf8 30. g3 Qf7 31. Kg2 Qb3 32. Qf3 Bg7 33. a5 d5 34. Bd2 Qc2 35. Bg5 d4 36. g4 hxg4 37. hxg4 d3 38. Qf7 d2 39. Bf6 Qxe4+ 40. f3 Qe2+ 41. Kg3 Qe1+ 42. Kg2 Qe2+ 43. Kg3 Qxf3+ 44. Kxf3 d1=Q+ 45. Ke3 Qd4+ 46. Ke2 Qxg4+ 47. Kd3 Qd4+ (47... Qf3+ $142 48. Kd2 Qxf6 49. Qxb7 Qf2+ 50. Kd1 Qd4+ 51. Ke2 Qc4+ 52. Kf2 e4 53. b5 Qc2+ (53... Qxb5 54. Qxe4 Qf5+ 55. Qf3 Qxf3+ 56. Kxf3 Bc3 57. Kg2 Bxa5 58. Kf2 Bb4 59. Kf3 a5 60. Ke4 a4 61. Kd3 a3 62. Kc4 g5 63. Kd5 a2 64. Kc4 g4 65. Kxb4 g3 66. Kc3 a1=Q+ 67. Kd3 g2 68. Ke4 g1=Q 69. Kf5 Qg6+ 70. Kf4 Qd4+ 71. Kf3 Qgg4#) (53... axb5 $2 54. a6 $19) 54. Ke1 Qb1+ 55. Kf2 Qb2+ (55... Qxb5 $2 56. Qxe4 Qf5+ 57. Qxf5 $19) (55... axb5 $2 56. Qd7 $19) 56. Kg3 Qe5+ (56... Qxb5 57. Qf7 Qg5+ 58. Kf2 Qf5+ 59. Qxf5 gxf5 60. Kg3 Bh6 61. Kh3 f4 62. Kg2 f3+ 63. Kf2 Bf4 64. Ke1 e3 65. Kd1 e2+ 66. Ke1 Bg3+ 67. Kd2 e1=Q+ 68. Kd3 f2 69. Kc2 f1=Q 70. Kb2 Qc1+ 71. Kb3 Qfc4#) 57. Kg2 e3 (57... Qxb5 58. Qxe4 Qxa5 59. Qb7 $19) 58. Kf1 Qf6+ (58... Qxb5+ 59. Qxb5 axb5 60. Ke2 Bd4 61. Kd3 Ba7 62. Ke2 g5 63. Kf1 g4 64. Ke1 g3 65. Kf1 g2+ 66. Kxg2 e2 67. Kh3 e1=Q 68. Kg4 Qf2 69. Kh3 Bb8 70. Kg4 Kg6 71. Kh3 Qg3#) (58... axb5 $2 59. Ke2 $19) (58... e2+ $2 59. Ke1 $19) 59. Ke2 Qf2+ 60. Kd3 Qd2+ 61. Kc4 Qc3+ (61... Qxa5 62. Qh1+ Bh6 63. Qb7+ Kg8 64. Qd5+ Kf8 65. Qc5+ Kf7 66. Qa7+ Ke6 67. Qxa6+ Qxa6 68. bxa6 $19) 62. Kd5 e2 (62... Qxa5 $2 63. Qe7 $19) 63. Qe7 Qd3+ (63... e1=R 64. Qh4+ Bh6 65. Qxe1 Qxe1 66. bxa6 Qxa5+ 67. Kd4 Qxa6 68. Kd5 Qa4 69. Ke5 Qc4 70. Kd6 Bf4+ 71. Kd7 Kg7 72. Ke7 Qc6 73. Kd8 Bg5#) (63... e1=Q 64. Qxe1 Qxe1 65. bxa6 Qxa5+ 66. Ke4 Qxa6 67. Ke3 Qc4 68. Kf2 Bd4+ 69. Kg2 Qe2+ 70. Kg3 Be5+ 71. Kh3 Qh2+ 72. Kg4 Qh5#) 64. Kc6 Qxb5+ 65. Kc7 Qe5+ (65... Qxa5+ 66. Kc8 e1=Q 67. Qxe1)) 48. Kc2 Qf2+ 49. Kd3 Qxf6 50. Qxb7 Qd6+ (50... Qf1+ $142 51. Kd2 Qf2+ 52. Kd1 Qd4+ 53. Ke2 e4 54. Qxa6 Qxb4 55. Qc6 Qb2+ (55... Qxa5 56. Kf1 Qf5+ 57. Ke1 Qf3 58. Qc7 Qc3+ 59. Qxc3 Bxc3+ 60. Kf2 Bd4+ 61. Kg3 g5 62. Kg4 e3 63. Kf5 g4 64. Kf4 e2 65. Ke4 g3 66. Kxd4 g2 67. Ke4 e1=Q+ 68. Kd4 g1=Q+ 69. Kd5 Qd1+ 70. Ke5 Qg5+ 71. Ke6 Qdd5#) 56. Kf1 Qa1+ 57. Kg2 Qa2+ (57... Qxa5 $2 58. Qxe4 Qg5+ 59. Kh1 $19) 58. Kf1 Qf7+ (58... Qxa5 59. Qc4 $19) 59. Ke1 Qf3 60. Qc7 Kh6 (60... Qc3+ 61. Qxc3 Bxc3+ 62. Kf1 Bd4 63. Ke2 g5 64. Ke1 e3 65. Kf1 g4 66. Ke1 g3 67. Kf1 g2+ 68. Ke2 g1=Q 69. Kd3 Qd1+ 70. Ke4 e2 71. Kd5 e1=Q 72. Kd6 Qc2 73. Kd7 Qe5 74. Kd8 Qcc7#) 61. Qc1+ e3 62. Qc2 Be5 63. Qe2 Qh1+ 64. Qf1 Qh4+ 65. Kd1 Qd4+ 66. Ke2 Qc4+ 67. Kxe3 Qxf1 68. Ke4 Bc3 (68... Bg7 69. Ke3 Qc4 70. Kd2 Bd4 71. Kd1 Qd3+ 72. Kc1 Bc3 73. a6 Qd2+ 74. Kb1 Qb2#) 69. Kd5 Qb5+ (69... Bxa5 70. Kd4 Qb5 71. Ke3 Bb6+ 72. Kd2 Qc4 73. Kd1 Be3 74. Ke1 Qc2 75. Kf1 Qf2#) 70. Ke4 Kg5 (70... Qxa5 71. Kd3 Kh5 72. Kc4 Kg4 73. Kd3 Kf3 74. Kc2 Ke2 75. Kb3 Qb4+ 76. Kc2 Qb2#) 71. Ke3 Qf1 (71... Bxa5 72. Kd4 Kf5 73. Ke3 Qc4 74. Kf3 Bb6 75. Kg3 Qf1 76. Kh4 Bf2#) 72. Ke4 Qf5+ (72... Bxa5 73. Kd5 Qa6 74. Kd4 Kf4 75. Kc5 Ke3 76. Kd5 Bb4 77. Ke5 Qd6#) 73. Ke3 Kg4 74. Ke2 Qf3#) 51. Ke2 $19 Qe6 52. b5 Qc4+ 53. Kf3 Qd3+ (53... Qxb5 $2 54. Qxb5 axb5 55. a6 $18) 54. Kg2 e4 (54... Qxb5 $2 55. Qxb5 axb5 56. a6 $18) 55. bxa6 Qf3+ 56. Kh2 Kh6 57. Qd5 Qf2+ 58. Kh3 Qf3+ 59. Kh2 Qf4+ 60. Kh3 Be5 61. Kg2 Qf3+ 62. Kg1 Bg3 63. Qd4 e3 64. Qh8+ Kg5 65. Qd8+ Kg4 66. Qd7+ Qf5 67. Qd4+ Kh3 68. Qb2 Qf2+ (68... Qxa5 69. Qg2+ Kh4 70. Qe4+ Kh3 71. Qh1+ Kg4 72. Qe4+ Bf4 73. Qxg6+ Kh3 74. Qh7+ Kg3 (74... Kg4 $2 75. Qg6+ Kh3 76. Qh7+ Kg3 77. Qh2+ Kg4 78. Qg2+ Kh4 79. Qh1+ Kg5 80. Qg2+ Kf6 81. Qe2 $19) 75. Qh2+ Kg4 76. Qg2+ Kh4 77. Qh1+ Kg5 78. Qg2+ Kf6 79. Qf3 Qa1+ 80. Kg2 Qa2+ 81. Kg1 $19) 69. Qxf2 exf2+ (69... Bxf2+ 70. Kf1 Bg3 71. a7 Bd6 72. a8=Q (72. a8=B g5 $11) 72... Kg3 73. Qg2+ Kf4 74. Qh2+ (74. Qxg6 Ke5 75. Ke2 Kd5 76. Qf7+ Ke5 77. Qc4 Kf6 78. a6 Bb8 79. Qc6+ Kf7) 74... Kg4 75. Qxd6) 70. Kf1 Bb8 71. Kxf2 Ba7+ 72. Kf3 g5 73. Ke4 g4 74. Kd5 g3 75. Kc6 g2 76. Kb7 g1=Q ({Not} 76... g1=R 77. Kxa7 Rg8 78. Kb7 $11) 77. Ka8 Qc5 78. Kb7 Kg4 79. Ka8 Kf5 80. Kb7 Ke6 81. Ka8 Kd7 82. Kb7 Qc7+ 0-1

[Event "Marshall CC FIDE Premier April 2024"]
[Site "New York"]
[Date "2024.04.14"]
[Round "4.9"]
[White "Rosenthal, Max Manuel"]
[Black "Patel, Maahir M"]
[Result "1/2-1/2"]
[ECO "B48"]
[WhiteElo "1991"]
[BlackElo "1879"]
[Annotator "TA"]
[PlyCount "78"]
[EventDate "2024.02.02"]
[EventType "swiss"]
[EventCountry "USA"]
[SourceTitle "playchess.com"]
[Source "ChessBase"]
[SourceQuality "1"]
[TimeControl "5400+30"]

1. e4 c5 2. Nf3 e6 3. d4 cxd4 4. Nxd4 Nc6 5. Nc3 Qc7 6. Be3 a6 7. Qf3 Nf6 8. Nxc6 bxc6 9. Qg3 {[%emt 0:00:08] White has an edge.} Qxg3 10. hxg3 Rb8 11. O-O-O Ng4 12. Ba7 Ra8 13. Rh4 ({Better is} 13. Bb6 $11) 13... Rxa7 $15 14. Rxg4 h5 15. Rh4 Be7 16. Rh3 d5 17. Be2 g6 18. g4 h4 19. g3 Bb7 20. f4 g5 21. gxh4 (21. Bf3 $11) 21... gxf4 22. h5 Bg5 {[%emt 0:02:29] [#] Hoping for ...f3+.} 23. Bf3 Ra8 24. Na4 Rd8 25. Rd3 (25. Nc5 $14 Bc8 26. Re1) 25... Bc8 {[%emt 0:05:05] Strongly threatening ...dxe4.} 26. Nb6 Bb7 27. Na4 Bc8 {[%emt 0:00:12] ...dxe4 is the strong threat.} 28. Kd1 $2 {[%emt 0:00:39] [#]} (28. Nb6 $11 {and White has nothing to worry.}) 28... e5 (28... dxe4 $1 $19 29. Bxe4 e5 30. Rxd8+ Kxd8 31. Rd3+ Kc7) 29. Nc3 $1 O-O (29... d4 30. Na4 $11) 30. Rh1 (30. exd5 $2 {is the wrong capture.} cxd5 (30... f5 31. gxf5 cxd5 32. Bxd5+ Kh7 33. Ne4 $14) 31. Rxd5 Rxd5+ (31... e4 $2 32. Bxe4 Rxd5+ 33. Bxd5 $19) 32. Nxd5 e4 $19) 30... d4 31. Na4 Be6 $36 {[%emt 0:02:00][%cal Og5e7][%mdl 2048] Dodges Rb3. White is under pressure.} 32. Be2 (32. Nc5 $15) 32... Be7 $17 ({Much worse is} 32... Bxa2 $6 33. b3 $11) 33. b3 {[%emt 0:02:13] White is weak on the dark squares} Rb8 34. Rdh3 Kh7 35. Nb2 Rg8 36. Nd3 f6 ({Inferior is} 36... Bxg4 37. Bxg4 Rxg4 38. Nxe5 $16) 37. Nf2 Kh6 38. a4 a5 39. Rg1 Bc5 {[%emt 0:24:52] Weighted Error Value: White=0.20 (precise) /Black=0.11 (very precise) .  Loses game:     	White=1     	---        Mistake:       	White=4     	Black=2      Inaccurate:     	---       	Black=4      OK:         	White=16    	Black=12     Best:        	---       	Black=2      Strong:       	White=1     	---} (39... Rg5 $142 40. Rf1 c5) 1/2-1/2

[Event "Marshall CC FIDE Premier April 2024"]
[Site "New York"]
[Date "2024.04.14"]
[Round "4.10"]
[White "Chachere, Theodore"]
[Black "Dong, Kyle Qiyu"]
[Result "0-1"]
[ECO "D55"]
[WhiteElo "1897"]
[BlackElo "1972"]
[Annotator "RC"]
[PlyCount "32"]
[EventDate "2024.02.02"]
[EventType "swiss"]
[EventCountry "USA"]
[SourceTitle "playchess.com"]
[Source "ChessBase"]
[SourceQuality "1"]
[TimeControl "5400+30"]

1. d4 d5 2. c4 e6 3. Nc3 Nf6 4. Bg5 Be7 5. e3 O-O 6. Nf3 b6 7. cxd5 exd5 8. Bd3 Bb7 9. Qc2 h6 10. Bxf6 Bxf6 11. g4 c5 12. O-O-O cxd4 13. exd4 Nc6 14. Bf5 g6 15. Bd3 Qd6 16. Qd2 Nxd4 0-1

[Event "Marshall CC FIDE Premier April 2024"]
[Site "New York"]
[Date "2024.04.15"]
[Round "5.1"]
[White "Putnam, Liam"]
[Black "Muthukumar, Haari"]
[Result "1-0"]
[ECO "D30"]
[WhiteElo "2323"]
[BlackElo "2048"]
[Annotator "TA"]
[PlyCount "65"]
[EventDate "2024.02.02"]
[EventType "swiss"]
[EventCountry "USA"]
[SourceTitle "playchess.com"]
[Source "ChessBase"]
[SourceQuality "1"]
[TimeControl "5400+30"]

1. d4 d5 2. c4 e6 3. Nf3 a6 4. g3 dxc4 5. Bg2 Nc6 6. O-O Rb8 7. b3 cxb3 $1 8. Qxb3 {[%emt 0:00:32] The position is equal.} Nf6 9. Bb2 Be7 10. Rc1 {[%emt 0:10:50][%cal Oc1c6] Strongly threatening Rxc6!} Bd7 11. Nbd2 O-O 12. e4 b6 13. Qc3 Rc8 14. a3 Na5 15. Ne5 c5 16. d5 exd5 17. exd5 Bf5 {[%emt 0:03:51][%cal Of8e8] [#]} 18. g4 $1 {[%emt 0:03:21][%mdl 1024] White has compensation.} Bg6 19. h4 h6 $1 20. f4 ({Better is} 20. Re1 $11) 20... Ne8 (20... c4 $15 21. g5 Bc5+ (21... Nxd5 $2 {perishes.} 22. Bxd5 Qxd5 23. Nxg6 $18) 22. Kh2 Nh5 (22... Nxd5 $2 {loses.} 23. Bxd5 Qxd5 24. Nxg6 $18)) 21. h5 Bh7 22. Re1 f6 (22... c4 $1 $11 {keeps the balance.}) 23. Nc6 $1 $36 {[%emt 0:02:31][%mdl 2048] White has the initiative. White has more active pieces. The black rooks are passive.} Nxc6 24. dxc6 {[%emt 0:00:04] Black must now prevent Nc4.} Bd6 (24... c4 $1 $14) 25. Rad1 (25. Nc4 $18) 25... Qc7 26. Nc4 {[%emt 0:00:46][%cal Og4g5] aiming for g5!} Kh8 27. Nxd6 Nxd6 28. f5 Nb5 {[%emt 0:04:38] [#]} 29. Qe3 Rcd8 {[%emt 0:00:38] [#] Dodges Rd7} (29... Rf7 $16 {might work better.}) 30. a4 (30. Rxd8 $1 $18 Qxd8 31. Qe7) 30... Nd6 $2 (30... Nd4 $14) 31. Qe7 $18 {[%emt 0:00:37] White is clearly winning.} Rf7 32. Qxc7 Rxc7 33. Re6 {[%emt 0:00:08] Weighted Error Value: White=0.23 (precise) /Black=0.28 (precise) .  Loses game:     	---       	Black=1      Mistake:       	White=3     	Black=4      Inaccurate:     	White=2     	Black=2      OK:         	White=8     	Black=10     Best:        	White=1     	---        Strong:       	White=1     	Black=2} 1-0